 Dungeon Crawl Stone Soup version 0.31-a0-187-gba352fbbf7 (webtiles) character file.

Game seed: 11662793636438183651

476 qw the Skirmisher (level 6, -1/35 HPs)
             Began as a Deep Elf Hunter on June 22, 2023.
             Slain by a gnoll bouda
             ... wielding a +0 whip
              (6 damage)
             ... on level 5 of the Dungeon.
             The game lasted 00:01:13 (3360 turns).

qw the Skirmisher (Deep Elf Hunter)                 Turns: 3360, Time: 00:01:13

Health: -1/35      AC:  6    Str:  8 (10) XL:     6   Next: 84%
Magic:  8/8        EV: 15    Int: 14      God:
Gold:   225        SH:  0    Dex: 17 (18) Spells: 5/5 levels left

rFire   . . .        Y - +2 arbalest (drain)
rCold   . . .        (shield currently unavailable)
rNeg    . . .        b - +0 ring mail
rPois   .            a - +0 helmet
rElec   .            (no cloak)
rCorr   .            (no gloves)
SInv    .            (no boots)
Will    .....        (no amulet)
Stlth   +            e - +5 ring of evasion
HPRegen 0.25/turn    (no ring)
MPRegen 0.11/turn

%: no passive effects
@: no status effects
A: no striking features
a: no special abilities


You were on level 5 of the Dungeon.
You visited 1 branch of the dungeon, and saw 5 of its levels.

You collected 225 gold pieces.


   Skills:
 - Level 2.1 Fighting
 - Level 10.0 Ranged Weapons
 - Level 1.8 Armour
 + Level 2.6 Dodging
 - Level 1.2 Stealth


You had 5 spell levels left.
You didn't know any spells.
Your spell library was empty.

Inventory:

Hand Weapons
 Y - a +2 arbalest of draining (weapon)
Armour
 a - a +0 helmet (worn)
 b - a +0 ring mail (worn)
Jewellery
 e - a +5 ring of evasion (left hand)
 f - a ring of poison resistance
 g - a ring of flight
Potions
 c - a potion of haste {unknown}
 d - a potion of invisibility {unknown}
 h - a potion of enlightenment {unknown}
 i - a potion of lignification {unknown}
 j - 2 potions of curing {unknown}

Dungeon Overview and Level Annotations

Branches:
Dungeon (5/15)
 Temple: D:4-7

Altars:
Cheibriados
Wu Jian


Message History

A dart slug comes into view.
Enter note:
Enter note:
Enter note: You shoot a bolt.
The bolt hits the dart slug!!
You kill the dart slug!
A gnoll bouda and 4 gnolls come into view.
Found a dagger, a cloak and 10 gold pieces.
The gnoll bouda shouts!
The gnoll shouts! x3
The gnoll bouda barks out a call to the hunt!
The gnolls pick up the pace!
The gnoll shouts!
Enter note:
Enter note:
Enter note:
3351 ||| Stepping ~*~*~tactically~*~*~ (outnumbered).
3353 ||| Stepping ~*~*~tactically~*~*~ (outnumbered).
You shoot a bolt. The bolt hits the gnoll!
The gnoll is severely wounded.
The gnoll hits you with a +0 club! The gnoll barely misses you.
You shoot a bolt. The bolt hits the gnoll!
You kill the gnoll!
The gnoll closely misses you. The gnoll hits you with a +0 flail.
The gnoll hits you from afar with a +0 halberd.
You shoot a bolt. The bolt closely misses the gnoll.
The gnoll hits you from afar with a +0 halberd!
The gnoll misses you.
You shoot a bolt. The bolt closely misses the gnoll.
The gnoll barely misses you. x2; The gnoll completely misses you.
The gnoll misses you.
You shoot a bolt. The bolt barely misses the gnoll.
The gnoll hits you from afar with a +0 halberd!
You shoot a bolt.
The bolt closely misses the gnoll bouda.
The gnoll misses you. The gnoll bouda completely misses you.
The gnoll misses you.
You shoot a bolt. The bolt hits the gnoll bouda!
You drain the gnoll bouda.
The gnoll bouda is almost dead.
The gnoll bouda hits you with a +0 whip.
You die...

#..## ##..# ##...
#..## #.... #..#
....g. ##.## ....g.
#..#
...$g.###..########
[....gg#..#........
......g#@..........
......gg###........
.......## #........
..%.... #........
......# #........
.....# #........
##### #........
.......


You could see a gnoll bouda (very drained) and a gnoll (swift).

Vanquished Creatures
  An ice beast (D:5)
  An ogre (D:4)
  An orc priest (D:4)
  A hound (D:3)
  An iguana (D:4)
  A sleepcap (D:4)
  Natasha (D:3)
  An orc wizard (D:4)
  2 gnolls
  2 adders
  A worm (D:3)
  4 dart slugs
  5 orcs
  4 ball pythons
  6 bats
  9 endoplasms
  4 giant cockroaches
  5 goblins
  8 hobgoblins
  4 jackals (D:1)
  A quokka (D:2)
  2 frilled lizards (D:1)
  4 kobolds
  10 rats
79 creatures vanquished.

Notes
Turn   | Place    | Note
-------+----------+-------------------------------------------
     0 | D:1      | qw the Deep Elf Hunter began the quest for the Orb.
     0 | D:1      | Reached XP level 1. HP: 12/12 MP: 3/3
     0 | D:1      | 0 ||| qw: Version: 0.3-a-9-g12657ce
     0 | D:1      | 0 ||| qw: Game counter: 2060
     0 | D:1      | 0 ||| qw: Always use a shield: true
     0 | D:1      | 0 ||| qw: God list: Okawaru
     0 | D:1      | 0 ||| qw: Allow faded altars: false
     0 | D:1      | 0 ||| qw: Do Orc after D:15 true
     0 | D:1      | 0 ||| qw: Do second Lair branch before Depths: true
     0 | D:1      | 0 ||| qw: Lair rune preference: random
     0 | D:1      | 0 ||| qw: Plans: Normal
     0 | D:1      | 0 ||| PLANNING D:1-11
    88 | D:1      | HP: 3/12 [jackal (3)]
    91 | D:1      | Reached XP level 2. HP: 5/16 MP: 4/4
   149 | D:1      | Reached skill level 6 in Ranged Weapons
   280 | D:1      | 280 ||| UPGRADING to +5 ring of evasion.
   282 | D:1      | 282 ||| READING scroll labelled VERAER FESS.
   502 | D:1      | Reached XP level 3. HP: 20/20 MP: 5/5
   855 | D:1      | 855 ||| UPGRADING to +0 helmet.
   860 | D:1      | 860 ||| READING scroll labelled YRUAHU ITUKIW.
   899 | D:1      | 899 ||| DROPPING scroll of butterflies.
  1103 | D:2      | Reached skill level 7 in Ranged Weapons
  1504 | D:2      | 1504 ||| UPGRADING to +0 ring mail.
  1514 | D:2      | 1514 ||| DROPPING +0 leather armour.
  1515 | D:2      | 1515 ||| DRINKING 2 sedimented pink potions.
  1516 | D:2      | 1516 ||| DRINKING 2 cyan potions.
  1517 | D:2      | 1517 ||| DRINKING 2 fuming silvery potions.
  1518 | D:2      | 1518 ||| DROPPING potion of brilliance.
  1519 | D:2      | 1519 ||| DROPPING potion of attraction.
  1595 | D:3      | Reached XP level 4. HP: 25/25 MP: 6/6
  1808 | D:3      | Found a snail-covered altar of Cheibriados.
  1886 | D:3      | Noticed Natasha
  1898 | D:3      | HP: 5/25 [Natasha (5)]
  1899 | D:3      | 1899 ||| DRINKING 2 potions of heal wounds.
  1901 | D:3      | Killed Natasha
  1902 | D:3      | Reached skill level 8 in Ranged Weapons
  1976 | D:3      | Reached XP level 5. HP: 28/29 MP: 7/7
  2058 | D:3      | 2058 ||| READING scroll labelled PUGAL ZUOLUSCH.
  2059 | D:3      | 2059 ||| READING scroll labelled CATAAKO PUUSI.
  2060 | D:3      | 2060 ||| DRINKING 3 emerald potions.
  2061 | D:3      | 2061 ||| DROPPING 2 potions of degeneration.
  2076 | D:4      | 2076 ||| PLANNING OSSUARY
  2085 | D:4      | Noticed an ogre
  2093 | D:4      | Killed an ogre
  2094 | D:4      | Reached skill level 9 in Ranged Weapons
  2449 | D:4      | Reached XP level 6. HP: 23/35 MP: 8/8
  2622 | D:4      | 2622 ||| Stepping ~*~*~tactically~*~*~ (outnumbered).
  2638 | D:4      | HP: 8/35 [orc/+0 hand axe (3)]
  2638 | D:4      | HP: 3/35 [orc/+0 mace (5)]
  2639 | D:4      | 2639 ||| DRINKING potion of heal wounds.
  2748 | D:4      | 2748 ||| RIP OSSUARY
  2754 | D:4      | 2754 ||| PLANNING D:1-11
  2757 | D:4      | Found an ornate altar of the Wu Jian Council.
  3164 | D:4      | Reached skill level 10 in Ranged Weapons
  3247 | D:4      | 3247 ||| READING scroll labelled GIYTYRINOE.
  3247 | D:4      | Identified a scroll of acquirement
  3247 | D:4      | 3247 ||| ACQUIRING +1 arbalest of draining
  3247 | D:4      | Acquired a +1 arbalest of draining
  3249 | D:4      | 3249 ||| SWAPPING to +1 arbalest of draining.
  3250 | D:4      | 3250 ||| DROPPING +0 shortbow.
  3251 | D:4      | 3251 ||| READING scroll labelled DOMONI WADOYC.
  3255 | D:4      | 3255 ||| READING scroll labelled QEHAFI PECOJ.
  3284 | D:5      | Entered Level 5 of the Dungeon
  3285 | D:5      | 3285 ||| PLANNING SEWER
  3287 | D:5      | Noticed an ice beast
  3297 | D:5      | Killed an ice beast
  3298 | D:5      | Reached skill level 1 in Armour
  3351 | D:5      | 3351 ||| Stepping ~*~*~tactically~*~*~ (outnumbered).
  3353 | D:5      | 3353 ||| Stepping ~*~*~tactically~*~*~ (outnumbered).
  3358 | D:5      | HP: 4/35 [gnoll/+0 halberd[a gnoll bouda] (10)]
  3360 | D:5      | Slain by a gnoll bouda

Levels and vault maps discovered:
D:1:      dpeg_arrival_erosion, layout_loops_corners, serial_glass,
          glass_columns_c, glass_columns_c, item_on_display_b, feat_on_display,
          minmay_three_crescents
D:2:      layout_loops_ring, minivault_14, dk_noncrumbling_3
D:3:      layout_basic, chei_slow_surprise, kennysheep_generic_room_9,
          uniq_natasha
D:4:      layout_layer_cave, nicolae_wu_jian_wuxing_cycle,
          lightli_ossuary_entry_decrepit_ruins, minmay_tree_intersection,
          grunt_ministairs_3, grunt_tough_drop
D:5:      layout_cave_pods, minmay_temple_entry_fiery, portal_sewer_entry_e,
          serial_shops, shop

Skill      XL: |  1  2  3  4  5  6 |
---------------+-------------------+-----
Ranged Weapons | 6 7 8 9 10 | 10.0
Fighting       | 2 |  2.1
Armour         | 1 |  1.8
Dodging        | |  2.6
Stealth        | |  1.2

Action                     |  1- 3 |  4- 6 || total
---------------------------+-------+-------++-------
   Fire: Shortbow          |   110 |   121 ||   231
         Arbalest          |       |    19 ||    19
    Use: Scroll            |     2 |     5 ||     7
         Potion            |     3 |     3 ||     6
 Armour: Leather armour    |    14 |       ||    14
         Ring mail         |     2 |    20 ||    22
  Dodge: Dodged            |    65 |    62 ||   127

Table legend:
 A = Non-vault XP
 B = Vault XP
 C = Vault XP percentage of total XP
 D = Non-vault monster count
 E = Vault monster count
 F = Vault count percentage of total count
                 A         B        C        D         E       F
            +---------+---------+-------+---------+---------+-------
      Total |     608 |      72 |  10.6 |      69 |      10 |  12.7
            +---------+---------+-------+---------+---------+-------
        D:1 |      40 |      15 |  27.3 |      25 |       6 |  19.4
        D:2 |      25 |       0 |   0.0 |       8 |       0 |   0.0
        D:3 |      87 |      37 |  29.8 |      18 |       1 |   5.3
        D:4 |     305 |      20 |   6.2 |      15 |       3 |  16.7
        D:5 |     151 |       0 |   0.0 |       3 |       0 |   0.0
            +---------+---------+-------+---------+---------+-------
